 Dungeon Crawl Stone Soup version 0.27-a0-78-g75406f0b48 (webtiles) character file.

Game seed: 13591818721876980755

288 knot the Chopper (level 6, 68/70 HPs)
             Began as a Demonspawn Berserker on Jan 14, 2021.
             Was a Believer of Trog.
             Quit the game on level 3 of the Dungeon.
             The game lasted 00:03:10 (4289 turns).

knot the Chopper (Demonspawn Berserker)             Turns: 4289, Time: 00:03:10

Health: 68/70      AC:  4    Str: 17    XL:     6   Next: 9%
Magic:  4/6        EV: 12    Int: 10    God:    Trog [**....]
Gold:   174        SH:  0    Dex: 13    Spells: 5/5 levels left

rFire    . . .     SeeInvis .   a - +0 hand axe
rCold    . . .     Faith    .   (no shield)
rNeg     . . .     Spirit   +   b - +0 animal skin
rPois    .         Reflect  .   m - +1 helmet
rElec    .         Harm     .   (no cloak)
rCorr    .         Rampage  .   (no gloves)
Will     .....                  (no boots)
Stlth    ..........             (no amulet)
HPRegen  0.21/turn              (no ring)
MPRegen  0.20/turn              (no ring)

@: berserking, very quick
A: claws 1, powered by pain 1, magic shield, magic regeneration
a: Renounce Religion, Berserk, Trog's Hand


You were on level 3 of the Dungeon.
You worshipped Trog.
Trog was pleased with you.
You visited 1 branch of the dungeon, and saw 3 of its levels.

You collected 174 gold pieces.

Inventory:

Hand Weapons
 a - a +0 hand axe (weapon)
Missiles
 c - 95 sling bullets
 e - 153 stones
 i - 12 boomerangs
 q - 16 bolts
 r - 4 poisoned darts (quivered)
Armour
 b - a +0 animal skin (worn)
 m - a +1 helmet (worn)
Jewellery
 l - an uncursed ring of wizardry {unknown}
Scrolls
 f - 3 scrolls of magic mapping {unknown}
 g - 4 scrolls of identify {unknown}
 j - a scroll of enchant armour {unknown}
 k - 2 scrolls of remove curse {unknown}
 o - a scroll of teleportation {unknown}
 p - a scroll of fog {unknown}
 s - a scroll of noise {unknown}
Potions
 d - a potion of haste
 h - a potion of resistance {unknown}
 n - a potion of magic {unknown}


   Skills:
 - Level 3.0 Fighting
 * Level 6.2 Axes
 * Level 0.6 Throwing
 - Level 1.7 Armour
 - Level 1.7 Dodging


You had 5 spell levels left.
You didn't know any spells.
Your spell library was empty.

Dungeon Overview and Level Annotations

Branches:
Dungeon (3/15)

Altars:
Elyvilon
The Shining One


Innate Abilities, Weirdness & Mutations

You have sharp fingernails.
You sometimes gain a little power by taking damage.
When hurt, damage is shared between your health and your magic reserves.
You regenerate magic rapidly.


Message History

You feel yourself moving faster!
You feel mighty!
The orc shouts!
The orc hits you with a +0 flail. The orc priest hits you.
You slash the orc!
You kill the orc!
Trog accepts your kill.
You hit the orc priest. You slice the orc priest!!
You kill the orc priest!
Trog accepts your kill.
You slash the orc!
You kill the orc!
Trog accepts your kill.
You hear a shout!
You have reached level 6!
Your experience leads to an increase in your attributes!
Increase (S)trength, (I)ntelligence, or (D)exterity?
You feel clever.
Your demonic ancestry asserts itself...
You feel energised by your suffering.
Are you sure you want to abandon this character and quit the game? (Confirm with "yes".)

.#####...#.#
#.#......##.# # .#
#.###.#
#.#.#.#####.#######
## #.# #.# #.#.#.#
#.#...... # #.# #.#
#.#.#.#####.#######
# #.#
#.#.#.....<........
# #.#
#.#..............##
######.##
#..#######.........
........#
##..................
#########
#.)@#######.........
#.)[# #.........
#....( ########.. .
##.###.. #.. . #.#
o.. #.. # #.# .. #..
#.# . #.. #.# ###


There were no monsters in sight!

Vanquished Creatures
  Sigmund (D:2)
  An orc priest (D:3)
  Robin (D:2)
  3 adders (D:2)
  A worm (D:2)
  A leopard gecko (D:3)
  7 orcs (D:3)
  2 bats
  12 goblins
  10 hobgoblins
  2 jackals (D:3)
  6 kobolds
  2 quokkas (D:3)
  A ball python (D:2)
  7 frilled lizards
  9 rats
66 creatures vanquished.

Notes
Turn   | Place    | Note
-------+----------+-------------------------------------------
     0 | D:1      | knot the Demonspawn Berserker began the quest for the Orb.
     0 | D:1      | Reached XP level 1. HP: 18/18 MP: 1/1
    26 | D:1      | Reached skill level 3 in Axes
   563 | D:1      | Gained mutation: When hurt, damage is shared between your
                  | health and your magic reserves. [demonic ancestry]
   563 | D:1      | Reached XP level 2. HP: 23/24 MP: 2/2
  1333 | D:2      | Noticed Robin
  1346 | D:2      | Gained mutation: You have sharp fingernails. [demonic
                  | ancestry]
  1346 | D:2      | Reached XP level 3. HP: 10/29 MP: 0/3
  1351 | D:2      | Killed Robin
  1352 | D:2      | Reached skill level 4 in Axes
  1959 | D:2      | Noticed Sigmund
  1981 | D:2      | Killed Sigmund
  1982 | D:2      | Reached skill level 5 in Axes
  1982 | D:2      | Reached XP level 4. HP: 12/35 MP: 1/4
  1982 | D:2      | Gained mutation: You regenerate magic rapidly. [demonic
                  | ancestry]
  1982 | D:2      | Reached XP level 5. HP: 14/41 MP: 1/5
  2348 | D:2      | Reached ** piety under Trog
  3491 | D:3      | Reached skill level 6 in Axes
  3578 | D:3      | Found a glowing golden altar of the Shining One.
  4156 | D:3      | Found a white marble altar of Elyvilon.
  4289 | D:3      | Gained mutation: You sometimes gain a little power by
                  | taking damage. [demonic ancestry]
  4289 | D:3      | Reached XP level 6. HP: 47/47 MP: 4/6
  4289 | D:3      | Quit the game

Illustrated notes

Levels and vault maps discovered:
D:1:      amcnicky_arrival_gap_in_the_tavern_cellar, layout_loops_ring,
          chequers_serial_rivers_room_a, minmay_circled_x
D:2:      layout_basic, uniq_robin, uniq_sigmund
D:3:      layout_basic, overflow_temple_1_default, lemuel_tele_altar

Skill      XL: |  1  2  3  4  5 |
---------------+----------------+-----
Axes           | 3 5 6 |  6.2
Fighting       | |  3.0
Throwing       | |  0.6
Armour         | |  1.7
Dodging        | |  1.7

Action                   |  1- 3 |  4- 6 || total
-------------------------+-------+-------++-------
Melee: Hand axe          |    64 |   121 ||   185
Throw: Dart              |       |     7 ||     7
Invok: Berserk           |     3 |     2 ||     5
  Use: Potion            |     4 |       ||     4
 Stab: Sleeping          |       |     1 ||     1
Armor: Animal skin       |    12 |    17 ||    29
Dodge: Dodged            |    50 |    70 ||   120

Table legend: (Time is in decaauts)
 A = Elapsed time spent in this place.
 B = Non-inter-level travel time spent in this place.
 C = Inter-level travel time spent in this place.
 D = Time resting spent in this place.
 E = Time spent auto-exploring this place.
 F = Levels seen in this place.
 G = Mean time per level.
                   A        B        C        D        E       F      G
               +--------+--------+--------+--------+--------+-----+--------+
         Total |   4314 |   4262 |     52 |   1613 |   2261 |   3 | 1438.0 |
       Dungeon |   4314 |   4262 |     52 |   1613 |   2261 |   3 | 1438.0 |
               +--------+--------+--------+--------+--------+-----+--------+

Top non-repeatable levels by time:
     D:2: 2293 daAuts
     D:1: 1178 daAuts
     D:3: 843 daAuts
